 Dungeon Crawl Stone Soup version 0.20.0-15-g7f486f2 (webtiles) character file.

626 tof the Archer (level 7, -4/61 HPs)
             Began as a Centaur Hunter on June 16, 2017.
             Was an Initiate of Okawaru.
             Slain by a slave (5 damage)
             ... led by Pikel
             ... on level 5 of the Dungeon.
             The game lasted 00:12:20 (3776 turns).

tof the Archer (Centaur Hunter)                     Turns: 3776, Time: 00:12:21

Health: -4/61      AC: 15    Str: 15    XL:     7   Next: 23%
Magic:  7/7        EV:  8    Int: 10    God:    Okawaru [......]
Gold:   246        SH:  0    Dex: 11    Spells: 6/6 levels left

rFire    . . .     SeeInvis .   b - +0 short sword
rCold    . . .     Gourm    .   (no shield)
rNeg     . . .     Faith    .   F - +3 ring mail
rPois    .         Spirit   .   (no helmet)
rElec    .         Reflect  .   (no cloak)
rCorr    .         Harm     .   e - +1 pair of gloves
MR       .....                  (no barding)
Stlth    +.........             i - amulet of regeneration
Regen    0.6/turn               G - +5 ring of protection
MPRegen  0.1/turn               (no ring)

@: very quick
A: hooves 3, deformed body, speed 2, tough skin 3
a: Renounce Religion


You were on level 5 of the Dungeon.
You worshipped Okawaru.
Okawaru was noncommittal.
You were not hungry.

You visited 2 branches of the dungeon, and saw 6 of its levels.

You collected 246 gold pieces.

Inventory:

Hand Weapons
 a - a +2 shortbow
 b - a +0 short sword (weapon)
Missiles
 d - 76 arrows
 o - 5 exploding tomahawks (quivered)
 t - 34 bolts
Armour
 c - a +0 leather armour
 e - a +1 pair of gloves (worn)
 F - a +3 ring mail (worn)
Jewellery
 i - an amulet of regeneration (around neck)
 G - a +5 ring of protection (left hand)
Wands
 q - a wand of flame (26/48)
Scrolls
 j - a scroll of enchant weapon
 k - 2 scrolls of remove curse
 l - a scroll of teleportation
 n - 2 scrolls of enchant armour
 p - 2 scrolls of fog {unknown}
 v - a scroll of magic mapping {unknown}
 w - 2 scrolls of fear {unknown}
 x - a scroll of immolation {unknown}
 y - 2 scrolls of blinking {unknown}
Potions
 h - 2 potions of mutation {unknown}
 m - a potion of agility {unknown}
 r - a potion of invisibility {unknown}
 s - a potion of might {unknown}
 u - a potion of lignification {unknown}
 z - a potion of heal wounds {unknown}
 B - a potion of flight {unknown}
 C - a potion of brilliance {unknown}
 D - a potion of haste {unknown}
Comestibles
 f - 6 bread rations
 g - 3 royal jellies
 A - 5 fruits
 E - a chunk of flesh


   Skills:
 * Level 5.3 Fighting
 + Level 0.8 Short Blades
 * Level 8.1 Bows
 - Level 1.3 Dodging
 + Level 2.2 Stealth


You had 6 spell levels left.
You didn't know any spells.

Dungeon Overview and Level Annotations

Branches:
Dungeon (5/15)             Temple (1/1) D:4

Altars:
Ashenzari
Dithmenos
Elyvilon
Gozag
Hepliaklqana
Kikubaaqudgha
Makhleb
Nemelex Xobeh
Okawaru
Qazlal
Ru
Sif Muna
Uskayaw
Vehumet
Xom
Yredelemnul
Zin
The Shining One

Annotations:
D:3 arrow swim
D:5 Pikel


Innate Abilities, Weirdness & Mutations

You have hooves in place of feet.
Armour fits poorly on your strangely shaped body.
You cover ground very quickly.
You have extremely tough skin. (AC +3)


Message History

* * * LOW HITPOINT WARNING * * *
The slave hits you but does no damage.
You hit Pikel but do no damage.
Pikel is severely wounded.
The slave hits you.
* * * LOW HITPOINT WARNING * * *
Pikel hits you but does no damage. The slave hits you but does no damage.
You closely miss Pikel. Your kick misses Pikel.
Pikel is severely wounded.
The slave closely misses you. Pikel hits you but does no damage.
The slave hits you but does no damage.
You barely miss Pikel.
Pikel is severely wounded.
The slave hits you.
* * * LOW HITPOINT WARNING * * *
Pikel hits you but does no damage. The slave barely misses you.
You hit Pikel. You kick Pikel, but do no damage.
Pikel is severely wounded.
The slave hits you.
You die...

#.##..[..p...p...#
#...##########...#
###.#.....#......#
#.#.###.#.###+##
#.#.....#p#
#.#..####.# #.#p.#
#.# #K#p.####.#
#.@pp.....#
###########


You could see Pikel and 4 slaves.

Vanquished Creatures
  An ogre (D:4)
  2 centaurs
  The ghost of Oozefury the Ruffian, an amateur VSMo (D:3)
  A scorpion (D:5)
  A hound (D:3)
  3 worker ants
  3 gnolls (D:4)
  5 adders
  A shadow imp (D:5)
  An ooze (D:4)
  A worm (D:2)
  3 leopard geckos
  3 orcs
  4 giant cockroaches
  6 goblins
  5 hobgoblins
  11 jackals
  10 kobolds
  3 quokkas (D:3)
  A ball python (D:1)
  9 bats
  A frilled lizard (D:5)
  A leopard gecko skeleton (D:4)
  8 rats
85 creatures vanquished.

Notes
Turn   | Place    | Note
-------+----------+-------------------------------------------
     0 | D:1      | tof the Centaur Hunter began the quest for the Orb.
     0 | D:1      | Reached XP level 1. HP: 17/17 MP: 1/1
   236 | D:1      | Reached XP level 2. HP: 22/25 MP: 2/2
   663 | D:1      | Reached XP level 3. HP: 30/30 MP: 3/3
   772 | D:2      | Reached skill level 1 in Stealth
  1393 | D:3      | Reached skill level 6 in Bows
  1606 | D:3      | Noticed Oozefury's ghost (amateur VSMo)
  1790 | D:2      | Reached XP level 4. HP: 30/38 MP: 4/4
  1874 | D:3      | Killed Oozefury's ghost
  2074 | D:3      | Reached XP level 5. HP: 45/46 MP: 5/5
  2369 | D:4      | Noticed an ogre
  2378 | D:4      | Killed an ogre
  2378 | D:4      | Reached skill level 7 in Bows
  2456 | D:3      | Reached XP level 6. HP: 22/53 MP: 6/6
  3132 | D:4      | Found a staircase to the Ecumenical Temple.
  3138 | Temple   | Entered the Ecumenical Temple
  3170 | Temple   | Became a worshipper of Warmaster Okawaru
  3270 | D:5      | Entered Level 5 of the Dungeon
  3371 | D:4      | Reached skill level 5 in Fighting
  3577 | D:5      | Reached skill level 8 in Bows
  3577 | D:5      | Reached XP level 7. HP: 54/61 MP: 7/7
  3685 | D:5      | Noticed Pikel
  3775 | D:5      | HP: 1/61 [slave[Pikel] (5)]
  3776 | D:5      | Slain by a slave

Skill      XL: |  1  2  3  4  5  6 |
---------------+-------------------+-----
Fighting       | 3 4 5 |  5.3
Stealth        | 1 2 |  2.2
Bows           | 6 7 8 |  8.1
Short Blades   | |  0.8
Dodging        | |  1.3

Action                   |  1- 3 |  4- 6 |  7- 9 || total
-------------------------+-------+-------+-------++-------
Melee: Short sword       |   151 |    33 |    32 ||   216
       Kick              |    22 |     8 |    13 ||    43
 Fire: Shortbow          |    55 |    98 |    11 ||   164
  Use: Scroll            |     1 |     3 |       ||     4
  Eat: Chunk             |     2 |     5 |       ||     7
Armor: Leather armour    |    81 |    37 |       ||   118
       Ring mail         |       |     2 |    44 ||    46
Dodge: Dodged            |   116 |    58 |    27 ||   201
